 Dungeon Crawl Stone Soup version 0.21.1-1-g345015f (webtiles) character file.

3222 Folque the Ducker (level 9, -3/61 HPs)
             Began as a Demonspawn Wizard on Mar 12, 2018.
             Was an Initiate of Sif Muna.
             Killed from afar by a water moccasin (52 damage)
             ... with an exploding inner flame
             ... hexed by the player character
             ... on level 1 of the Lair of Beasts.
             The game lasted 01:02:04 (8459 turns).

Folque the Ducker (Demonspawn Wizard)               Turns: 8459, Time: 01:02:13

Health: -3/61      AC:  3    Str: 11    XL:     9   Next: 66%
Magic:  14/18      EV: 16    Int: 21    God:    Sif Muna [......]
Gold:   364        SH:  0    Dex: 13    Spells: 12/20 levels left

rFire    . . .     SeeInvis .   F - +3 short sword (elec)
rCold    . . .     Gourm    .   (no shield)
rNeg     . . .     Faith    .   a - +0 robe
rPois    .         Spirit   .   b - +0 hat
rElec    .         Reflect  .   f - +0 cloak
rCorr    .         Harm     .   (no gloves)
MR       .....                  (no boots)
Stlth    ++........             e - amulet of magic regeneration
HPRegen  0.20/turn              k - +3 ring of strength
MPRegen  0.41/turn              w - ring of flight

@: no status effects
A: talons 2, demonic guardian 1, spiny 2, sanguine armour 1
a: Renounce Religion, Evoke Flight


You were on level 1 of the Lair of Beasts.
You worshipped Sif Muna.
Sif Muna was noncommittal.
You were not hungry.

You visited 3 branches of the dungeon, and saw 10 of its levels.

You collected 364 gold pieces.

Inventory:

Hand Weapons
 h - a +0 falchion
 F - a +3 short sword of electrocution (weapon)
Armour
 a - a +0 robe (worn)
 b - a +0 hat (worn)
 f - a +0 cloak (worn)
Jewellery
 e - an amulet of magic regeneration (around neck)
 k - a +3 ring of strength (left hand)
 w - a ring of flight (right hand)
 x - an uncursed amulet of guardian spirit
Wands
 n - a wand of paralysis (14)
 B - a wand of flame (24)
Scrolls
 i - 5 scrolls of magic mapping
 m - 9 scrolls of remove curse
 p - a scroll of fear
 q - a scroll of amnesia
 s - a scroll of identify
 u - 5 scrolls of teleportation
Potions
 g - a potion of agility {unknown}
 j - 2 potions of flight {unknown}
 l - 3 potions of mutation
 o - a potion of might {unknown}
 t - 2 potions of brilliance {unknown}
 z - a potion of curing {unknown}
 A - a potion of heal wounds {unknown}
 C - 2 potions of haste {unknown}
 D - 4 potions of lignification
 E - a potion of ambrosia {unknown}
Books
 c - a book of Minor Magic

   Spells                             Type                      Level
   a - Magic Dart                     Conjuration                  1
   b - Blink                          Translocation                2
   c - Call Imp                       Summoning                    2
   d - Slow                           Hexes                        2
   e - Conjure Flame                  Conjuration/Fire             3
   f - Mephitic Cloud                 Conjuration/Poison/Air       3
Comestibles
 d - 12 rations


   Skills:
 - Level 2.0 Fighting
 * Level 5.4 Armour
 + Level 7.5 Dodging
 - Level 1.7 Stealth
 - Level 6.1 Spellcasting
 - Level 6.0 Conjurations
 + Level 2.5 Summonings
 - Level 0.8 Translocations
 - Level 1.2 Poison Magic


You had 12 spell levels left.
You knew the following spells:

 Your Spells              Type           Power        Failure   Level  Hunger
a - Magic Dart            Conj           ####         1%          1    None
b - Call Imp              Summ           ###.....     5%          2    None
c - Blink                 Tloc           N/A          11%         2    None
d - Mephitic Cloud        Conj/Pois/Air  ###.....     11%         3    ##.....


Dungeon Overview and Level Annotations

Branches:
Dungeon (8/15)             Temple (1/1) D:5            Lair (1/6) D:8

Altars:
Ashenzari
Cheibriados
Dithmenos
Elyvilon
Fedhas
Gozag
Hepliaklqana
Kikubaaqudgha
Makhleb
Nemelex Xobeh
Okawaru
Ru
Sif Muna
Trog
Uskayaw
Vehumet
Wu Jian
Yredelemnul
Zin
The Shining One

Shops:
D:8 =


Innate Abilities, Weirdness & Mutations

You have razor-sharp toenails.
A weak demonic guardian rushes to your aid.
You are mostly covered in sharp spines.
When seriously injured, your bleeding wounds create armour. (AC +0)


Message History

The yak seems less confused.
The komodo dragon completely misses you.
Your white imp hits the spiny frog but does no damage.
Casting: Blink
Confirm with . or Enter, or press ? or * to list all spells.
Okay, then.
You hit the yak.
The yak explodes!
The fiery explosion engulfs the spiny frog.
The spiny frog explodes!
Your demonic guardian avoids your attack.
The fiery explosion engulfs the spiny frog.
The spiny frog is almost dead.
The fiery explosion engulfs the komodo dragon.
The komodo dragon is severely wounded.
The fiery explosion engulfs the water moccasin.
The water moccasin explodes!
The fiery explosion engulfs you!
Ouch! That really hurt!
You die...

#.# #.# #Y## #..# #<# ###.#
#
####.############P#.####.###
...........§§l§.Y.Y.......$.
...........F§§@.Y...........
...........5§§§.............
###...######.#§.########P###
#### ###..# # #...# #..##
#.># #..#


You could see a komodo dragon, 3 yaks, a spiny frog (inner flame) and a friendly
white imp.

Vanquished Creatures
  2 centaur zombies (D:8)
  Eustachio (D:5)
  2 sky beasts
  3 ogres (D:7)
  2 bullfrogs (D:6)
  A jelly (D:6)
  A scorpion (D:8)
  A howler monkey (D:4)
  A crimson imp (D:7)
  An orc priest (D:7)
  2 orc wizards
  2 centaur skeletons (D:8)
  2 hounds
  A bullfrog skeleton (D:4)
  2 iguanas (D:6)
  2 worker ants
  2 adders
  4 shadow imps (D:8)
  An adder skeleton (D:6)
  2 worms
  9 orcs
  3 bats
  A giant cockroach (D:4)
  6 goblins
  3 hobgoblins
  3 jackals
  5 kobolds
  4 quokkas
  4 ball pythons
  4 frilled lizards
  A jackal skeleton (D:8)
  A quokka skeleton (D:4)
  3 rats
82 creatures vanquished.

Vanquished Creatures (collateral kills)
  A two-headed ogre (D:6)
  2 centaur skeletons (D:8)
  A hippogriff (D:8)
  Sigmund (D:2)
  A hungry ghost (D:8)
  The ghost of Medidev the Covered, an amateur HuFi of Jiyva (D:3)
  The ghost of letownia2 the Charmwright, an amateur MfSk (D:4)
  A necrophage (D:8)
  2 bullfrogs (D:8)
  A crimson imp (D:7)
  A quasit (D:5)
  An iguana (D:8)
  A killer bee zombie (D:5)
  A hound skeleton (D:4)
  3 adders
  A shadow imp (D:5)
  2 worms
  A dart slug (D:1)
  2 leopard geckos
  An orc (D:4)
  3 hobgoblins
  6 jackals (D:3)
  2 kobolds
  A ball python (D:6)
  A rat (D:1)
39 creatures vanquished.

Grand Total: 121 creatures vanquished

Notes
Turn   | Place    | Note
-------+----------+-------------------------------------------
     0 | D:1      | Folque the Demonspawn Wizard began the quest for the Orb.
     0 | D:1      | Reached XP level 1. HP: 13/13 MP: 4/4
     0 | D:1      | Noticed a gargoyle
     3 | D:1      | Noticed a troll
     5 | D:1      | Noticed a formicid
     7 | D:1      | Noticed an octopode
     8 | D:1      | Noticed an octopode
    10 | D:1      | Noticed a troll
    12 | D:1      | Noticed a ghoul
    13 | D:1      | Noticed a spriggan
    14 | D:1      | Noticed an octopode
    14 | D:1      | Noticed a troll
    16 | D:1      | Noticed a vampire
    18 | D:1      | Noticed a formicid
    20 | D:1      | Noticed a vine stalker
   208 | D:1      | Reached skill level 1 in Fighting
   280 | D:1      | Gained mutation: A weak demonic guardian rushes to your aid. [demonic ancestry]
   280 | D:1      | Reached XP level 2. HP: 21/21 MP: 1/6
   444 | D:1      | Learned a level 2 spell: Call Imp
   447 | D:1      | Learned a level 2 spell: Blink
  1173 | D:2      | Noticed Sigmund
  1184 | D:2      | Found an ornate altar of the Wu Jian Council.
  1809 | D:3      | Reached XP level 3. HP: 27/27 MP: 0/7
  1814 | D:3      | Learned a level 3 spell: Mephitic Cloud
  1822 | D:3      | Noticed Medidev's ghost (amateur HuFi)
  1922 | D:2      | Killed Sigmund
  1922 | D:2      | Gained mutation: When seriously injured, your bleeding wounds create armour. (AC +0) [demonic ancestry]
  1922 | D:2      | Reached XP level 4. HP: 33/33 MP: 4/9
  2392 | D:3      | Killed Medidev's ghost
  2392 | D:3      | Reached XP level 5. HP: 38/38 MP: 4/11
  2840 | D:3      | Found a glowing golden altar of the Shining One.
  3187 | D:4      | Reached skill level 1 in Poison Magic
  3268 | D:4      | Gained mutation: You have sharp toenails. [demonic ancestry]
  3268 | D:4      | Reached XP level 6. HP: 29/44 MP: 4/12
  3387 | D:4      | Noticed letownia2's ghost (amateur MfSk)
  4106 | D:4      | Killed letownia2's ghost
  4106 | D:4      | Reached skill level 5 in Conjurations
  4402 | D:5      | Entered Level 5 of the Dungeon
  4805 | D:5      | Noticed Eustachio
  4846 | D:5      | Killed Eustachio
  4846 | D:5      | Gained mutation: You have razor-sharp toenails. [demonic ancestry]
  4846 | D:5      | Reached XP level 7. HP: 50/50 MP: 0/13
  4966 | D:5      | Found a staircase to the Ecumenical Temple.
  5287 | Temple   | Entered the Ecumenical Temple
  5317 | Temple   | Became a worshipper of Sif Muna the Loreminder
  5505 | D:5      | Found a hide-covered altar of Uskayaw.
  5776 | D:6      | Found an opulent altar of Gozag.
  5778 | D:6      | Found a sparkling altar of Nemelex Xobeh.
  5808 | D:6      | Noticed a two-headed ogre
  5839 | D:6      | Killed a two-headed ogre
  5839 | D:6      | Reached skill level 3 in Dodging
  5839 | D:6      | Reached skill level 5 in Spellcasting
  6023 | D:6      | Found a shattered altar of Ashenzari.
  6032 | D:6      | Reached skill level 4 in Dodging
  6032 | D:6      | Gained mutation: You are partially covered in sharp spines. [demonic ancestry]
  6032 | D:6      | Reached XP level 8. HP: 53/56 MP: 5/16
  6086 | D:6      | Found a sacrificial altar of Ru.
  6941 | D:7      | Reached skill level 5 in Dodging
  7193 | D:7      | Reached skill level 1 in Armour
  7729 | D:8      | Reached skill level 6 in Dodging
  7752 | D:8      | Noticed a hippogriff
  7767 | D:8      | Killed a hippogriff
  7805 | D:8      | Gained mutation: You are mostly covered in sharp spines. [demonic ancestry]
  7805 | D:8      | Reached XP level 9. HP: 61/61 MP: 3/18
  7916 | D:8      | Found a staircase to the Lair.
  7932 | D:8      | Found a radiant altar of Vehumet.
  7972 | D:8      | Found Vuazame's Jewellery Shoppe.
  8112 | D:8      | Reached skill level 7 in Dodging
  8119 | D:8      | Noticed a hellwing
  8357 | D:8      | Reached skill level 5 in Armour
  8420 | Lair:1   | Entered Level 1 of the Lair of Beasts
  8438 | Lair:1   | Noticed a spiny frog
  8441 | Lair:1   | Noticed a spiny frog
  8450 | Lair:1   | Noticed a komodo dragon
  8459 | Lair:1   | Killed a spiny frog
  8459 | Lair:1   | Killed from afar by a water moccasin

Skill      XL: |  1  2  3  4  5  6  7  8  9 |
---------------+----------------------------+-----
Fighting       | 1 2 |  2.0
Conjurations   | 2 3 4 5 6 |  6.0
Spellcasting   | 4 5 6 |  6.1
Poison Magic   | 1 |  1.2
Dodging        | 4 6 7 |  7.5
Armour         | 3 5 |  5.4
Summonings     | 2 |  2.5
Stealth        | |  1.7
Translocations | |  0.8

Action                   |  1- 3 |  4- 6 |  7- 9 || total
-------------------------+-------+-------+-------++-------
Melee: Unarmed           |    11 |       |       ||    11
       Dagger            |    11 |       |       ||    11
       Falchion          |    11 |    84 |    19 ||   114
       Scythe            |       |     1 |       ||     1
       Kick              |       |     6 |    19 ||    25
       Short sword       |       |       |    39 ||    39
 Cast: Magic Dart        |    32 |    36 |   101 ||   169
       Call Imp          |     7 |    37 |    33 ||    77
       Mephitic Cloud    |     1 |     6 |    25 ||    32
       Blink             |       |     5 |    12 ||    17
  Use: Scroll            |       |     4 |     7 ||    11
 Stab: Sleeping          |     1 |       |       ||     1
       Confused          |       |     5 |     2 ||     7
  Eat: Chunk             |     2 |     8 |     9 ||    19
       Ration            |       |     1 |     1 ||     2
Armor: Robe              |    12 |    21 |     9 ||    42
Dodge: Dodged            |    21 |    75 |    30 ||   126
       Rpst.: Falchion   |     2 |    22 |     4 ||    28
